 Dungeon Crawl Stone Soup version 0.27-a0-1381-g81fdcbfb23 (webtiles) character file.

Game seed: 17737123939647881764

93 Bapho the Cudgeller (level 4, 0/28 HPs)
             Began as a Gargoyle Monk on June 30, 2021.
             Blown up by Ijyb (13 damage)
             ... with a mindburst bolt
             ... on level 4 of the Dungeon.
             The game lasted 00:03:55 (3150 turns).

Bapho the Cudgeller (Gargoyle Monk)                 Turns: 3150, Time: 00:03:55

Health: 0/28       AC:  8    Str: 15    XL:     4   Next: 62%
Magic:  4/4        EV: 11    Int: 11    God:
Gold:   166        SH:  0    Dex: 12    Spells: 3/3 levels left

rFire    + . .     SeeInvis .   h - +0 flail
rCold    + . .     Faith    .   (no shield)
rNeg     + . .     Spirit   .   m - +0 ring mail
rPois    ∞         Reflect  .   (no helmet)
rElec    +         Harm     .   d - scarf {rC+ rF+}
rCorr    .         Rampage  .   (no gloves)
Will     .....                  (no boots)
Stlth    +.........             (no amulet)
HPRegen  0.09/turn              (no ring)
MPRegen  0.09/turn              (no ring)

@: no status effects
A: sickness immunity, AC +3, negative energy resistance 1, electricity
resistance, torment resistance 1, petrification resistance
a: no special abilities


You were on level 4 of the Dungeon.
You visited 1 branch of the dungeon, and saw 4 of its levels.

You collected 166 gold pieces.

Inventory:

Hand Weapons
 a - a +0 mace
 h - a +0 flail (weapon)
Missiles
 l - 36 stones (quivered)
 o - 35 bolts
Armour
 b - a +0 robe
 d - a scarf of resistance (worn)
 m - a +0 ring mail (worn)
Jewellery
 g - a ring of fire
 k - an amulet of faith
Scrolls
 e - a scroll of identify {unknown}
 j - a scroll of magic mapping {unknown}
 n - a scroll of brand weapon {unknown}
Potions
 c - a potion of haste {unknown}
 f - 3 potions of might {unknown}
 i - a potion of lignification {unknown}
 p - a potion of mutation {unknown}


   Skills:
 - Level 3.2 Fighting
 + Level 5.2 Maces & Flails
 - Level 2.4 Dodging
 - Level 2.1 Stealth


You had 3 spell levels left.
You didn't know any spells.
Your spell library was empty.

Dungeon Overview and Level Annotations

Branches:
Dungeon (4/15)
 Temple: D:4-7

Altars:
Kikubaaqudgha

Annotations:
D:4 Ijyb


Innate Abilities, Weirdness & Mutations

You are immune to sickness and miasma.
Your stone body is resilient. (AC +3)
You are immune to poison.
You resist negative energy. (rN+)
You are resistant to electric shocks. (rElec)
You are resistant to unholy torment.
You are immune to petrification.


Message History

Ijyb the Twisted Goblin comes into view.
She is wielding a +0 club and carrying a wand of mindburst (15).
You see here 12 gold pieces.
Found a scroll labelled ASTOWN QIUXIA.
You throw a stone. The stone hits Ijyb but does no damage.
Ijyb shouts!
You hear a shout!
Ijyb screams, "I no like you!"
Ijyb zaps a wand.
You barely resist.
You start waiting.
Ijyb is nearby! 2 orcs come into view.
The orc shouts! x2; You hear an angry hiss.
An orc comes into view. It is wielding a +0 mace.
An orc comes into view. It is wielding a +0 club.
Ijyb hits you but does no damage.
You closely miss Ijyb. Ijyb hits you with a +0 club.
You barely miss Ijyb.
The orc shouts!
Ijyb hits you but does no damage.
You sock Ijyb!
Ijyb is moderately wounded.
An adder comes into view.
Ijyb zaps a wand.
Your mind is blasted!
The orc hits you but does no damage.
The adder hisses angrily.
The orc shouts!
You hit Ijyb.
Ijyb is heavily wounded.
Ijyb screams, "I dance on your bones!" Ijyb closely misses you.
The orc hits you with a +0 dagger.
A hobgoblin comes into view.
You hit Ijyb but do no damage.
Ijyb is heavily wounded.
Ijyb misses you. The orc hits you but does no damage.
You barely miss Ijyb.
Ijyb is heavily wounded.
Ijyb hits you with a +0 club. The orc closely misses you.
You hit Ijyb.
Ijyb is heavily wounded.
Ijyb hits you with a +0 club. The orc hits you but does no damage.
Ijyb hits you but does no damage.
Ijyb zaps a wand.
Your mind is blasted!
You die...

#......#
#.<....#
###......#
#######........#
#.......##..####
..####..##.##
#......#
#.#.#### #.#@#
..######...#
#.....#..g##
#...o#####
#.$.S....#
#....$#.o....#
####..##g....#
#..#oo....#
#....#....#


You could see Ijyb, an adder and 2 orcs.

Vanquished Creatures
  3 adders
  2 worms (D:3)
  A dart slug (D:3)
  An orc (D:3)
  6 bats
  4 endoplasms
  2 giant cockroaches
  3 goblins
  11 hobgoblins
  3 quokkas (D:2)
  7 ball pythons
  3 frilled lizards
  6 kobolds
  3 rats
55 creatures vanquished.

Notes
Turn   | Place    | Note
-------+----------+-------------------------------------------
     0 | D:1      | Bapho the Gargoyle Monk began the quest for the Orb.
     0 | D:1      | Reached XP level 1. HP: 14/14 MP: 1/1
   272 | D:1      | Reached XP level 2. HP: 8/19 MP: 2/2
  1013 | D:2      | Reached skill level 4 in Maces & Flails
  1067 | D:2      | Found an ancient bone altar of Kikubaaqudgha.
  1085 | D:2      | Reached XP level 3. HP: 7/23 MP: 3/3
  1875 | D:2      | Reached XP level 4. HP: 28/28 MP: 4/4
  2555 | D:3      | Reached skill level 5 in Maces & Flails
  3127 | D:4      | Noticed Ijyb
  3150 | D:4      | Blown up by Ijyb

Illustrated notes

Levels and vault maps discovered:
D:1:      wander_arrival_desolate, layout_basic, st_stairs_13
D:2:      layout_basic, basic_altar, minmay_ruptured
D:3:      layout_rooms, nrook_uturn, amcnicky_mini_corridor_feature
D:4:      layout_rooms, kennysheep_mini, evilmike_ruin_ashenzari, serial_shops,
          nicolae_shop_temple_entry_statues_fountains, kennysheep_windowed_goal,
          uniq_ijyb

Skill      XL: |  1  2  3  4 |
---------------+-------------+-----
Maces & Flails | 4 5 |  5.2
Fighting       | |  3.2
Dodging        | |  2.4
Stealth        | |  2.1

Action                   |  1- 3 |  4- 6 || total
-------------------------+-------+-------++-------
Melee: Mace              |    89 |       ||    89
       Flail             |    18 |    70 ||    88
Throw: Stone             |     4 |    40 ||    44
 Stab: Sleeping          |     3 |       ||     3
Armor: Robe              |    44 |     7 ||    51
       Ring mail         |       |    17 ||    17
Dodge: Dodged            |    79 |    40 ||   119

Table legend: (Time is in decaauts)
 A = Elapsed time spent in this place.
 B = Non-inter-level travel time spent in this place.
 C = Inter-level travel time spent in this place.
 D = Time resting spent in this place.
 E = Time spent auto-exploring this place.
 F = Levels seen in this place.
 G = Mean time per level.
                   A        B        C        D        E       F      G
               +--------+--------+--------+--------+--------+-----+--------+
         Total |   3184 |   3112 |     72 |      4 |   2608 |   4 |  796.0 |
       Dungeon |   3184 |   3112 |     72 |      4 |   2608 |   4 |  796.0 |
               +--------+--------+--------+--------+--------+-----+--------+

Top non-repeatable levels by time:
     D:2: 1392 daAuts
     D:1: 1017 daAuts
     D:3: 736 daAuts
     D:4: 38 daAuts
